 Dungeon Crawl Stone Soup version 0.32-a0-128-g77eb882913 (webtiles) character file.

Game seed: 9509922364396259065

4720 BubbleThief the Fighter (level 10, 0/97 HPs)
             Began as a Naga Cinder Acolyte on Feb 7, 2024.
             Was a Priest of Ignis.
             Splashed by a brown ugly thing's acid (6 damage)
             ... on level 8 of the Dungeon.
             The game lasted 00:13:09 (8840 turns).

BubbleThief the Fighter (Naga Cinder Acolyte)       Turns: 8840, Time: 00:13:09

Health: 0/97       AC:  1    Str: 22    XL:     10   Next: 45%
Magic:  0/21       EV:  9    Int: 25    God:    Ignis [***...]
Gold:   375        SH:  0    Dex:  7    Spells: 18/24 levels left

rFire   + . .        y - +5 flail (protect)
rCold   . . .        (no shield)
rNeg    + . .        D - +1 robe {rN+}
rPois   +            (no helmet)
rElec   .            F - scarf {repulsion}
rCorr   .            (no gloves)
SInv    +            (no barding)
Will    +....        (no amulet)
Stlth   +            l - +6 ring of intelligence
HPRegen 0.36/turn    H - +6 ring of strength
MPRegen 0.17/turn

%: repel missiles
@: corroded, very slow
A: AC +3, large, see invisible, deformed body, poison resistance, slowness 2,
spit poison 1, naga tail 1
a: Spit Poison, Renounce Religion, Fiery Armour, Foxfire Swarm, Rising Flame


You were on level 8 of the Dungeon.
You worshipped Ignis.
Ignis was most pleased with you.
You visited 1 branch of the dungeon, and saw 8 of its levels.

You collected 375 gold pieces.

Inventory:

Hand Weapons
 y - a +5 flail of protection (weapon)
 A - a +5 flail of freezing
Armour
 b - a +1 leather armour of fire resistance
 D - a +1 robe of positive energy (worn)
 F - a scarf of repulsion (worn)
Magical Staves
 q - a staff of conjuration
Jewellery
 l - a +6 ring of intelligence (left hand)
 C - a ring of flight
 H - a +6 ring of strength (right hand)
Wands
 x - a wand of flame (27)
 I - a wand of roots (11)
Scrolls
 a - 2 scrolls of amnesia {unknown}
 d - 3 scrolls of blinking {unknown}
 f - a scroll of immolation {unknown}
 h - 10 scrolls of identify {unknown}
 j - 2 scrolls of enchant weapon {unknown}
 k - 3 scrolls of teleportation {unknown}
 p - a scroll of brand weapon {unknown}
 s - 2 scrolls of enchant armour {unknown}
 u - a scroll of torment {unknown}
 v - a scroll of summoning {unknown}
 w - 2 scrolls of vulnerability {unknown}
 B - a scroll of poison {unknown}
 G - a scroll of noise {unknown}
Potions
 c - 4 potions of curing {unknown}
 e - 5 potions of haste {unknown}
 g - 3 potions of degeneration {unknown}
 i - 3 potions of attraction {unknown}
 m - a potion of brilliance {unknown}
 n - 3 potions of berserk rage {unknown}
 o - 4 potions of heal wounds {unknown}
 r - a potion of enlightenment {unknown}
 t - a potion of invisibility {unknown}
 z - a potion of might {unknown}
 E - 2 potions of mutation {unknown}
 J - a potion of lignification {unknown}


   Skills:
 + Level 8.3 Fighting
 + Level 8.3 Maces & Flails
 - Level 7.5 Spellcasting
 - Level 3.7 Fire Magic
 - Level 7.0 Alchemy


You had 18 spell levels left.
You knew the following spells:

 Your Spells              Type           Power      Damage    Failure   Level
a - Scorch                Fire           56%        2d7       1%          2
b - Olgreb's Toxic Radia  Alch           44%        N/A       3%          4

Your spell library contained the following spells:

 Spells                   Type           Power      Damage    Failure   Level
 Sting                    Conj/Alch      100%       1d9       1%          1
 Mercury Vapours          Alch/Air       52%        N/A       2%          2
 Apportation              Tloc           18%        N/A       6%          1
 Necrotise                Necr           36%        1d5       6%          1
 Shock                    Conj/Air       36%        1d5       6%          1
 Summon Small Mammal      Summ           36%        N/A       6%          1
 Swiftness                Air            9%         N/A       19%         3
 Airstrike                Air            4%         2d(1-17)  54%         4


Dungeon Overview and Level Annotations

Branches:
Dungeon (8/15)             Temple (0/1) D:7
   Lair: D:8-11

Altars:
Fedhas
Gozag
Kikubaaqudgha
Makhleb
Ru
Trog
Wu Jian
Xom

Shops:
D:6 (*


Innate Abilities, Weirdness & Mutations

Your serpentine skin is tough. (AC +3)
You have supernaturally acute eyesight. (SInv)
Armour fits poorly on your strangely shaped body.
Your system is resistant to poisons. (rPois)
You cover ground very slowly.
You can spit poison.
You have a snake-like lower body.


Message History

The brown ugly thing is moderately wounded.
Unknown command.
Casting: Scorch (safe; 1% risk of failure)
Confirm with . or Enter, or press ? or * to list all spells.
Flames lash the brown ugly thing.
The brown ugly thing is burned terribly!
The brown ugly thing is heavily wounded.
The brown ugly thing stings you but does no damage.
Unknown command.
Casting: Scorch (safe; 1% risk of failure)
Confirm with . or Enter, or press ? or * to list all spells.
Flames lash the brown ugly thing.
The brown ugly thing is burned terribly!
The brown ugly thing is heavily wounded.
The brown ugly thing stings you but does no damage.
Unknown command.
Casting: Scorch (safe; 1% risk of failure)
Confirm with . or Enter, or press ? or * to list all spells.
Flames lash the brown ugly thing.
The brown ugly thing is burned terribly!
The brown ugly thing is severely wounded.
The brown ugly thing stings you!
You are splashed with acid!
Unknown command.
You closely miss the brown ugly thing.
You punch the brown ugly thing, but do no damage.
The brown ugly thing is severely wounded.
The brown ugly thing stings you!
* * * LOW HITPOINT WARNING * * *
You are splashed with acid!
* * * LOW HITPOINT WARNING * * *
Casting: Scorch (safe; 1% risk of failure)
Confirm with . or Enter, or press ? or * to list all spells.
Flames lash the brown ugly thing.
The brown ugly thing is burned terribly!
The brown ugly thing is almost dead.
The brown ugly thing stings you!
* * * LOW HITPOINT WARNING * * *
The acid corrodes you!
You are splashed with acid.
You die...
Ignis goes out, and joins you in death.

...).....##.. ..##.....###....##
##)..#...# .###..#....<[##.....##
###)###..#.ß#(#ß.#......#...#...#
.#).###.##+##?##'##.).....>.#..##
..).....#...+$#..ß#............#
.....#..#ß..#$#...†.###......<.#
..).##..##'##(##)##.###.......##
....)#.).#uß#!#ß.#..........###
#.)).....#..###u@#...........#
#....))..##.)'..##...........#
..........#######......#....##
............................##
.##...#......................#
.##.........)................#
.##......###....#............#
##........#.....#.......###.##
##..##...#....#.........# ###


You could see a brown ugly thing (very poisoned, combustible).

Vanquished Creatures
  A centaur warrior (D:8)
  A skeletal warrior (D:8)
  Grinder (D:6)
  A wyvern (D:8)
  2 steam dragons (D:8)
  A water moccasin (D:8)
  3 orc warriors (D:8)
  A sky beast (D:8)
  An ogre (D:5)
  2 phantoms
  2 kobold brigands
  5 bullfrogs
  2 scorpions
  12 wights
  10 killer bees
  A howler monkey (D:5)
  2 bombardier beetles
  2 hounds (D:5)
  2 jellies
  2 orc priests
  2 iguanas
  3 orc wizards
  6 gnolls
  6 adders
  2 shadow imps
  2 white imps
  2 ufetubi (D:6)
  3 dart slugs
  2 ribbon worms
  27 orcs
  2 ball pythons
  9 bats
  6 endoplasms
  A giant cockroach (D:4)
  4 goblins
  4 hobgoblins
  4 jackals (D:2)
  6 quokkas
  3 frilled lizards
  10 kobolds
  7 rats
165 creatures vanquished.

Vanquished Creatures (others)
  An orc (D:8)
  41 foxfires (D:8)
42 creatures vanquished.

Grand Total: 207 creatures vanquished

Notes
Turn   | Place    | Note
-------+----------+-------------------------------------------
     0 | D:1      | BubbleThief the Naga Cinder Acolyte began the quest for the
                  | Orb.
     0 | D:1      | Reached XP level 1. HP: 21/21 MP: 2/2
   222 | D:1      | Reached XP level 2. HP: 25/28 MP: 2/4
   320 | D:1      | Learned a level 2 spell: Scorch
   847 | D:1      | Reached XP level 3. HP: 34/34 MP: 1/5
  2430 | D:3      | Reached XP level 4. HP: 42/42 MP: 8/8
  2440 | D:3      | Learned a level 4 spell: Olgreb's Toxic Radiance
  2522 | D:3      | Reached skill level 1 in Alchemy
  2725 | D:3      | Reached XP level 5. HP: 44/49 MP: 1/9
  2806 | D:3      | Found a burning altar of Makhleb.
  2808 | D:3      | Noticed a cacodemon
  3885 | D:5      | Entered Level 5 of the Dungeon
  3885 | D:5      | Noticed a phantom
  3891 | D:4      | Killed a phantom
  3892 | D:4      | Reached XP level 6. HP: 48/56 MP: 2/11
  4068 | D:5      | Reached skill level 5 in Alchemy
  4218 | D:5      | Reached XP level 7. HP: 62/62 MP: 8/13
  4391 | D:5      | Found a blossoming altar of Fedhas.
  5337 | D:6      | Reached XP level 8. HP: 72/72 MP: 10/15
  5635 | D:6      | Noticed Grinder
  5641 | D:6      | Killed Grinder
  5642 | D:6      | Reached skill level 5 in Spellcasting
  5739 | D:6      | Found Gozag's Platinum Reserve.
  5739 | D:6      | Found an opulent altar of Gozag.
  5791 | D:6      | Found Apesmaa's Weapon Shoppe.
  5947 | D:6      | Found an ornate altar of the Wu Jian Council.
  5948 | D:6      | Found a shimmering altar of Xom.
  5949 | D:6      | Found a sacrificial altar of Ru.
  5949 | D:6      | Found an ancient bone altar of Kikubaaqudgha.
  6109 | D:6      | Found a bloodstained altar of Trog.
  6605 | D:7      | Found a staircase to the Ecumenical Temple.
  6618 | D:7      | Reached skill level 5 in Fighting
  6618 | D:7      | Reached skill level 5 in Maces & Flails
  7064 | D:7      | Reached XP level 9. HP: 72/81 MP: 12/17
  8559 | D:8      | Reached XP level 10. HP: 92/94 MP: 16/21
  8667 | D:8      | Noticed a skeletal warrior
  8696 | D:8      | Killed a skeletal warrior
  8818 | D:8      | Noticed a centaur warrior
  8827 | D:8      | Killed a centaur warrior
  8828 | D:8      | Noticed a brown ugly thing
  8840 | D:8      | Splashed by a brown ugly thing's acid

Illustrated notes

Levels and vault maps discovered:
D:1:      minmay_arrival_up_and_down, layout_loops_ring
D:2:      layout_loops_corners
D:3:      layout_basic, makhleb_altar_promises_db
D:4:      layout_loops_ring
D:5:      layout_rooms, mainiacjoe_overflow_boulevard, serial_co_window_serial,
          co_window_of_opportunity_a, co_window_paths_b,
          co_window_of_opportunity_a, co_window_of_opportunity_a,
          co_window_corner_a, co_window_of_opportunity_a, co_window_paths_b,
          co_window_broadway_b, co_window_cross_3, co_window_unsneaky_path_e,
          co_window_corner_cb, co_window_4corner_a, glass_columns_c
D:6:      layout_loops_ring, general_overflow_altar,
          nicolae_gozag_zags_fifth_avenue, mainiacjoe_overflow_alcove_3,
          serial_shops, nicolae_inconvenience_store, uniq_grinder
D:7:      layout_cave_pods, minmay_temple_entry_junction
D:8:      minmay_chambers_of_sixes, layout_cave_pools

Skill      XL: |  1  2  3  4  5  6  7  8  9 10 |
---------------+-------------------------------+-----
Spellcasting   | 2 3 4 5 7 |  7.5
Alchemy        | 2 4 5 6 7 |  7.0
Maces & Flails | 5 7 8 |  8.3
Fighting       | 5 7 8 |  8.3
Fire Magic     | |  3.7

Action                     |  1- 3 |  4- 6 |  7- 9 | 10-12 || total
---------------------------+-------+-------+-------+-------++-------
  Melee: Mace              |    31 |     7 |     3 |       ||    41
         Punch             |       |     1 |     2 |     3 ||     6
         Flail             |       |       |    43 |    19 ||    62
   Cast: Scorch            |    24 |    46 |    95 |    10 ||   175
         Olgreb's Toxic Ra |       |     1 |    10 |     4 ||    15
 Invoke: Fiery Armour      |       |       |     1 |     1 ||     2
         Foxfire Swarm     |       |       |       |     2 ||     2
Ability: Spit Poison       |    34 |    17 |    19 |       ||    70
  Evoke: Wand              |       |       |     2 |       ||     2
 Armour: Robe              |    33 |    32 |   113 |    40 ||   218
  Dodge: Dodged            |    24 |    17 |    64 |     9 ||   114

Table legend: (Time is in decaauts)
 A = Elapsed time spent in this place.
 B = Non-inter-level travel time spent in this place.
 C = Inter-level travel time spent in this place.
 D = Time resting spent in this place.
 E = Time spent auto-exploring this place.
 F = Levels seen in this place.
 G = Mean time per level.
                   A        B        C        D        E       F      G
               +--------+--------+--------+--------+--------+-----+--------+
         Total |  10893 |  10535 |    358 |    285 |   9169 |   8 | 1361.6 |
       Dungeon |  10893 |  10535 |    358 |    285 |   9169 |   8 | 1361.6 |
               +--------+--------+--------+--------+--------+-----+--------+

Top non-repeatable levels by time:
     D:5: 1557 daAuts
     D:2: 1525 daAuts
     D:7: 1503 daAuts
     D:4: 1461 daAuts
     D:6: 1379 daAuts
     D:8: 1367 daAuts
     D:1: 1256 daAuts
     D:3: 840 daAuts
